 Dungeon Crawl Stone Soup version 0.32-a0-643-ga006e77 (webtiles) character file.

Game seed: 7317049772035169725

82 Meow the Conjurer (level 4, 36/36 HPs)
             Began as a Naga Conjurer on Mar 7, 2024.
             Quit the game on level 2 of the Dungeon.
             The game lasted 00:03:13 (1318 turns).

Meow the Conjurer (Naga Conjurer)                   Turns: 1318, Time: 00:03:13

Health: 36/36      AC:  9    Str:  9    XL:     4   Next: 43%
Magic:  1/8        EV:  9    Int: 20    God:
Gold:   83         SH:  0    Dex: 10    Spells: 6/9 levels left

rFire   . . .        a - +0 dagger (speed)
rCold   . . .        (no shield)
rNeg    . . .        d - +0 robe
rPois   +            c - +2 helmet
rElec   .            (no cloak)
rCorr   .            (no gloves)
SInv    +            (no barding)
Will    .....        (no amulet)
Stlth   ++           r - +4 ring of protection
HPRegen 0.26/turn    (no ring)
MPRegen 0.11/turn

%: no passive effects
@: short of breath, very slow
A: AC +1, large, see invisible, deformed body, poison resistance, slowness 2,
spit poison 1, naga tail 1
a: Spit Poison


You were on level 2 of the Dungeon.
You visited 1 branch of the dungeon, and saw 2 of its levels.

You collected 83 gold pieces.

Inventory:

Hand Weapons
 a - a +0 dagger of speed (weapon)
Missiles
 e - 19 stones
Armour
 c - a +2 helmet (worn)
 d - a +0 robe (worn)
Jewellery
 p - a ring of flight
 r - a +4 ring of protection (left hand)
Scrolls
 f - 3 scrolls of teleportation {unknown}
 g - a scroll of enchant weapon {unknown}
 i - 3 scrolls of identify {unknown}
 k - a scroll of fear {unknown}
 l - a scroll of fog {unknown}
 q - a scroll of enchant armour {unknown}
Potions
 b - a potion of magic
 h - a potion of enlightenment {unknown}
 j - a potion of resistance {unknown}
 m - 3 potions of lignification {unknown}
 n - a potion of invisibility {unknown}
 o - a potion of might {unknown}


   Skills:
 - Level 1.5 Dodging
 - Level 3.0 Stealth
 + Level 3.2 Spellcasting
 + Level 4.9 Conjurations


You had 6 spell levels left.
You knew the following spells:

 Your Spells              Type           Power      Damage    Failure   Level
a - Magic Dart            Conj           92%        1d7       1%          1
b - Searing Ray           Conj           46%        2d6       2%          2

Your spell library contained the following spells:

 Spells                   Type           Power      Damage    Failure   Level
 Fulminant Prism          Conj/Alch      6%         3d7       45%         4
 Iskenderun's Mystic Bla  Conj/Tloc      13%        2d5       45%         4


Dungeon Overview and Level Annotations

Branches:
Dungeon (2/15)

Altars:


Innate Abilities, Weirdness & Mutations

Your serpentine skin is tough. (AC +1)
You have supernaturally acute eyesight. (SInv)
Armour fits poorly on your strangely shaped body.
Your system is resistant to poisons. (rPois)
You cover ground very slowly.
You can spit poison.
You have a snake-like lower body.


Message History

You start resting.
Magic restored.
Found an escape hatch in the ceiling.
r - a +4 ring of protection
r - a +4 ring of protection (left hand)
You see here 9 gold pieces.
Casting: Magic Dart (safe; 1% risk of failure)
Confirm with . or Enter, or press ? or * to list all spells.
Aiming: Magic Dart (safe; 1% risk of failure)
Press: ? - help, Shift-Dir - straight line, f - sleepcap
Aim: a sleepcap (dormant, 100% to hit)
The magic dart hits the sleepcap.
The sleepcap is lightly damaged.
Unknown command.
Aiming: Spit Poison (2% risk of failure)
Press: ? - help, Shift-Dir - straight line, f/p - sleepcap
Aim: a sleepcap (lightly damaged, 100% to hit)
The splash of poison hits the sleepcap.
The sleepcap is poisoned.
The sleepcap is lightly damaged.
Unknown command.
Casting: Magic Dart (safe; 1% risk of failure)
Confirm with . or Enter, or press ? or * to list all spells.
Aiming: Searing Ray (safe; 3% risk of failure)
Press: ? - help, Shift-Dir - straight line, f/p - sleepcap
Aim: a sleepcap (lightly damaged, poisoned, 100% to hit)
The searing ray hits the sleepcap.
The sleepcap is heavily damaged. (Press . to maintain the ray.) Unknown command.
The searing ray hits the sleepcap!
The sleepcap is severely damaged.
The searing ray hits the sleepcap.
The sleepcap is almost destroyed.
The sleepcap barely misses you.
The searing ray hits the sleepcap.
You destroy the sleepcap!
You finish channelling your searing ray.
You have reached level 4!
You feel agile.
Are you sure you want to abandon this character and quit the game? (Confirm with "yes".)

###.................. #..#
#...................# #
#..# #...................
#.##.##
#..>................#
#....####
#.#####.#.........#.#
####....# #.
#........#.##.######..#.#
#....[.#.........#.†.....
#!..<..(...............#
#....÷.@#...............
....$....................>.
..##.....#.................
. .......#.................
.##.....##................
. #.#.~.~~~..............#
#..#.####.......#......# ..
#.~~.##<######.# ##~#..#.#
.#


There were no monsters in sight!

Vanquished Creatures
  A sleepcap (D:2)
  2 adders (D:2)
  A ribbon worm (D:2)
  A dart slug (D:1)
  5 ball pythons
  3 endoplasms
  3 giant cockroaches (D:1)
  A goblin (D:1)
  2 hobgoblins (D:2)
  2 quokkas (D:1)
  5 bats
  3 kobolds (D:1)
  3 rats (D:1)
32 creatures vanquished.

Notes
Turn   | Place    | Note
-------+----------+-------------------------------------------
     0 | D:1      | Meow the Naga Conjurer began the quest for the Orb.
     0 | D:1      | Reached XP level 1. HP: 15/15 MP: 3/3
   229 | D:1      | Reached XP level 2. HP: 22/22 MP: 5/5
   232 | D:1      | Learned a level 2 spell: Searing Ray
   865 | D:1      | Reached XP level 3. HP: 28/28 MP: 3/6
  1318 | D:2      | Reached XP level 4. HP: 36/36 MP: 1/8
  1318 | D:2      | Quit the game

Illustrated notes

Levels and vault maps discovered:
D:1:      dpeg_arrival_renting, layout_basic, minmay_octomino_c4
D:2:      layout_rooms, dreamdust_ecumenical_altar_drowned_temple

Skill      XL: |  1  2  3 |
---------------+----------+-----
Spellcasting   | 3 |  3.2
Dodging        | |  1.5
Stealth        | |  3.0
Conjurations   | |  4.9

Action                     |  1- 3 |  4- 6 || total
---------------------------+-------+-------++-------
  Melee: Dagger            |     4 |       ||     4
   Cast: Magic Dart        |    27 |       ||    27
         Searing Ray       |     9 |       ||     9
Ability: Spit Poison       |    15 |       ||    15
  Dodge: Dodged            |     4 |       ||     4

Table legend: (Time is in decaauts)
 A = Elapsed time spent in this place.
 B = Non-inter-level travel time spent in this place.
 C = Inter-level travel time spent in this place.
 D = Time resting spent in this place.
 E = Time spent auto-exploring this place.
 F = Levels seen in this place.
 G = Mean time per level.
                   A        B        C        D        E       F      G
               +--------+--------+--------+--------+--------+-----+--------+
         Total |   1641 |   1573 |     68 |    373 |    955 |   2 |  820.5 |
       Dungeon |   1641 |   1573 |     68 |    373 |    955 |   2 |  820.5 |
               +--------+--------+--------+--------+--------+-----+--------+

Top non-repeatable levels by time:
     D:1: 1325 daAuts
     D:2: 316 daAuts
